Map: Nightshade LE

Players

LiquidTLO (TLO)

  • Race: Zerg Zerg
  • League: Grandmaster
  • Spawn Location: 5:00

HeroMarine - Winner!

  • Race: Terran Terran
  • Spawn Location: 11:00

Event: StayAtHomestory Cup #1

VOD

Have the link to the VOD?

Description

Time

  • Played on: April 10, 2020, 3:30 p.m.
  • Length: 9:28

All games in this series

Show
View Real Time Build Order
Export as new Build Order

LiquidTLO Zerg 

Build Orders: Hatch First 

Get SALT Encoding   

  12  0:00  Drone  
  13  0:13  Overlord  
  13  0:16  Drone  
  14  0:31  Drone x2  
  16  0:47  Hatchery  
  15  0:50  Drone  
  15  0:55  Drone  
  17  0:59  Drone  
  18  1:04  Extractor  
  17  1:13  Spawning Pool  
  17  1:17  Drone  
  17  1:20  Drone  
  18  1:29  Drone  
  19  1:41  Drone  
  20  1:49  Overlord  
  20  2:00  Queen x2  
  24  2:01  Zergling x2  
  24  2:04  Metabolic Boost  
  24  2:08  Zergling x2  
  26  2:11  Drone  
  26  2:14  Drone  
  28  2:21  Drone  
  28  2:32  Extractor  
  28  2:34  Hatchery  
  26  2:38  Drone  
  26  2:40  Drone  
  29  2:46  Queen  
  31  2:51  Overlord  
  31  2:54  Drone  
  31  2:58  Drone  
  33  3:02  Drone x2  
  35  3:06  Zergling x2  
  35  3:11  Drone  
  37  3:14  Overlord  
  37  3:16  Drone  
  37  3:17  Drone  
  37  3:18  Drone  
  40  3:20  Drone  
  41  3:28  Queen  
  41  3:32  Overlord  
  43  3:35  Drone  
  43  3:38  Roach Warren  
  43  3:42  Drone  
  43  3:45  Drone x2  
  43  3:46  Drone  
  43  3:47  Drone  
  48  3:50  Drone  
  48  3:51  Extractor  
  49  3:55  Drone  
  49  3:56  Drone  
  49  3:57  Drone  
  49  3:59  Drone  
  52  4:05  Queen  
  52  4:08  Drone  
  55  4:11  Drone  
  55  4:15  Overlord  
  56  4:18  Roach  
  56  4:19  Roach x2  
  56  4:20  Overlord  
  61  4:27  Overlord  
  61  4:28  Lair  
  61  4:33  Overlord  
  61  4:35  Drone x2  
  61  4:36  Drone  
  64  4:39  Drone x2  
  64  4:41  Drone  
  64  4:45  Queen  
  67  4:50  Spore Crawler, Drone  
  67  4:52  Spore Crawler, Drone  
  69  4:55  Spore Crawler  
  69  4:56  Drone  
  69  4:58  Drone  
  71  5:00  Drone  
  71  5:01  Zergling x2  
  71  5:04  Drone  
  71  5:06  Drone  
  74  5:08  Drone  
  74  5:09  Spore Crawler  
  74  5:10  Roach  
  74  5:11  Drone  
  77  5:15  Baneling Nest  
  77  5:19  Evolution Chamber  
  77  5:20  Drone, Evolution Chamber  
  76  5:21  Drone  
  76  5:23  Drone  
  76  5:25  Drone  
  76  5:27  Spore Crawler  
  77  5:28  Extractor  
  77  5:30  Drone  
  77  5:32  Drone  
  77  5:34  Drone  
  75  5:37  Drone  
  75  5:38  Overseer, Drone  
  75  5:39  Drone  
  75  5:40  Drone  
  75  5:41  Drone x2  
  81  5:47  Zerg Ground Armor Level 1  
  81  5:55  Hatchery  
  80  6:00  Centrifical Hooks  
  80  6:02  Zerg Melee Weapons Level 1  
  79  6:05  Zergling x2  
  79  6:06  Zergling x2  
  79  6:10  Overlord x3  
  79  6:11  Overlord x2  
  81  6:12  Overlord  
  81  6:15  Overlord  
  81  6:18  Overlord  
  81  6:23  Overlord  
  81  6:24  Zergling x4  
  81  6:25  Baneling x2  
  81  6:30  Zergling x14  
  86  6:33  Zergling x2  
  86  6:36  Drone  
  86  6:38  Drone x3  
  86  6:39  Zergling x2  
  92  6:41  Zergling x4  
  92  6:42  Ravager, Drone  
  92  6:43  Ravager  
  92  6:44  Drone  
  98  6:47  Drone  
  98  6:48  Zergling x2  
  98  6:51  Zergling x2, Extractor, Drone  
  98  6:52  Zergling x2  
  101  6:55  Baneling x7  
  101  7:00  Zergling x2, Drone x2  
  104  7:12  Zergling x2  
  104  7:13  Zergling x2  
  104  7:14  Zergling x6  
  106  7:18  Drone x8  
  106  7:19  Drone  
  106  7:21  Baneling  
  106  7:22  Baneling x6  
  115  7:25  Zergling x2  
  115  7:26  Zergling x2  
  115  7:28  Zergling x4  
  119  7:30  Hatchery  
  116  7:37  Zergling x2  
  116  7:41  Zergling x2  
  116  7:42  Zergling x4  
  102  7:44  Zergling x2  
  102  7:45  Zergling x20  
  102  7:49  Roach x2  
  117  7:51  Overseer  
  117  7:53  Roach  
  117  7:55  Roach  
  120  8:00  Zergling x2  
  120  8:02  Roach  
  120  8:03  Roach  
  120  8:06  Roach x3  
  120  8:07  Roach  
  120  8:09  Roach x2  
  120  8:10  Roach  
  120  8:11  Roach x2  
  126  8:13  Zergling x4, Roach  
  126  8:15  Zergling x2  
  126  8:16  Ravager x2  
  126  8:17  Zergling x2  
  126  8:18  Zergling x4  
  127  8:20  Zergling x2  
  127  8:24  Ravager  
  127  8:25  Zergling x4  
  127  8:26  Queen x4  
  137  8:27  Zergling x2  
  137  8:28  Zergling x2  
  137  8:29  Ravager  
  137  8:33  Extractor  
  139  8:38  Zergling x2  
  139  8:39  Zergling x2  
  139  8:40  Roach  
  139  8:41  Roach  
  133  8:42  Roach  
  133  8:43  Zergling x2  
  133  8:45  Zergling x2  
  133  8:48  Roach  
  120  8:50  Roach x2  
  120  8:51  Roach  
  120  8:52  Roach  
  120  8:53  Roach  
  120  8:54  Roach  
  112  8:59  Roach  
  112  9:00  Zergling x2  
  115  9:04  Zergling x4  
  115  9:05  Zergling x2, Roach  
  115  9:10  Zergling x2  
  115  9:14  Ravager x2  
  112  9:17  Ravager  
Show
View Real Time Build Order
Export as new Build Order

HeroMarine Terran - Winner!

Build Orders: Reaper Expand, Hellion Banshee 

Get SALT Encoding   

  12  0:00  SCV  
  13  0:13  SCV  
  14  0:17  Supply Depot  
  14  0:25  SCV  
  15  0:38  SCV  
  15  0:41  Barracks  
  16  0:44  Refinery  
  16  0:51  SCV  
  17  1:03  SCV  
  18  1:15  SCV  
  19  1:27  Reaper  
  19  1:28  Orbital Command  
  20  1:40  Command Center  
  20  1:50  Supply Depot  
  20  1:53  SCV  
  21  1:59  Marine  
  22  2:05  SCV  
  23  2:08  Factory  
  23  2:12  Refinery  
  23  2:17  SCV  
  23  2:21  Barracks Reactor  
  25  2:30  SCV  
  25  2:42  SCV  
  25  2:52  Starport, Orbital Command  
  25  2:54  SCV  
  26  3:00  Hellion  
  26  3:01  Hellion  
  26  3:03  Marine  
  31  3:06  SCV  
  32  3:18  SCV x2  
  34  3:22  Hellion x2, Barracks Tech Lab  
  34  3:24  Supply Depot  
  38  3:30  SCV x2  
  40  3:42  SCV x2  
  40  3:44  Cloaking Field, Banshee  
  45  3:49  Hellion x2  
  45  3:53  Supply Depot  
  45  3:54  SCV x2  
  51  3:56  Barracks Tech Lab  
  51  4:06  SCV x2  
  53  4:16  Command Center  
  53  4:18  SCV x2  
  53  4:19  Stimpack  
  53  4:22  Marine  
  56  4:29  Factory Tech Lab  
  56  4:30  SCV x2, Supply Depot  
  56  4:31  Banshee  
  61  4:42  SCV  
  62  4:46  Factory Reactor  
  62  4:47  Barracks  
  62  4:48  Barracks  
  62  4:51  SCV  
  63  4:54  SCV  
  63  4:55  Marine  
  63  4:56  Engineering Bay x2  
  65  5:04  SCV  
  65  5:06  SCV  
  67  5:08  Refinery x2  
  67  5:12  Supply Depot  
  67  5:13  Marine  
  68  5:16  SCV  
  68  5:19  SCV  
  70  5:23  Starport Reactor, Terran Infantry Weapons Level 1, Terran Infantry Armor Level 1  
  70  5:28  SCV  
  71  5:30  Marine  
  71  5:31  SCV  
  73  5:36  Siege Tank  
  73  5:37  Marine x2  
  73  5:39  Orbital Command  
  73  5:41  Supply Depot  
  79  5:44  Marine x2  
  79  5:48  Marine  
  83  5:53  SCV  
  83  5:54  SCV, Marine  
  83  5:55  Marine  
  85  5:58  Combat Shield  
  85  5:59  Barracks  
  85  6:00  Barracks  
  85  6:02  Marine x2  
  87  6:06  SCV x2, Marine, Medivac  
  87  6:07  Medivac  
  87  6:10  Orbital Command  
  90  6:12  Marine  
  90  6:14  Supply Depot  
  90  6:15  Supply Depot  
  90  6:17  Marine  
  90  6:18  SCV x2  
  94  6:20  Marine  
  94  6:23  Marine  
  94  6:24  Marine  
  97  6:29  Siege Tank  
  97  6:30  SCV  
  101  6:34  Supply Depot  
  101  6:35  Marine x2  
  101  6:36  SCV x2  
  101  6:37  Marine  
  106  6:42  SCV, Supply Depot  
  106  6:44  Medivac  
  109  6:48  SCV x2  
  109  6:50  Barracks Reactor x2  
  111  6:54  SCV  
  111  6:56  Marine x3  
  111  6:57  Marine, Supply Depot  
  111  6:58  Supply Depot  
  111  7:00  SCV x2  
  118  7:03  Siege Tank  
  118  7:05  Medivac  
  118  7:06  SCV  
  124  7:11  Armory  
  124  7:12  Marine  
  124  7:14  Marine x3  
  126  7:16  Marine  
  126  7:22  Refinery x2  
  127  7:23  Factory  
  127  7:24  SCV x2  
  127  7:25  SCV  
  127  7:26  Marine  
  127  7:28  Marine x2  
  133  7:30  Marine  
  133  7:31  Marine  
  133  7:32  Marine x2  
  133  7:33  Marine x2  
  123  7:44  Marine, Siege Tank  
  123  7:45  Medivac  
  123  7:46  Marine x2  
  123  7:47  Marine, Medivac  
  123  7:49  Marine  
  123  7:50  Marine x3  
  138  7:51  Marine  
  139  8:02  Marine  
  139  8:03  Marine  
  139  8:04  Marine  
  140  8:05  Marine  
  140  8:07  Marine  
  140  8:08  Marine x3  
  140  8:09  Marine  
  128  8:13  SCV x3  
  128  8:16  Siege Tank  
  128  8:19  Factory Tech Lab  
  128  8:20  Marine  
  128  8:21  Marine  
  128  8:22  Marine  
  128  8:23  Marine  
  128  8:25  Marine  
  128  8:26  Marine x3  
  133  8:27  Marine  
  133  8:29  Supply Depot  
  134  8:38  Marine  
  126  8:42  Marine x2  
  126  8:44  Marine  
  126  8:45  Marine x2  
  126  8:47  Marine x3  
  126  8:48  Siege Tank x2  
  123  8:56  Marine, Command Center  
  123  8:57  Medivac  
  123  9:00  Marine x2  
  123  9:02  Marine x2  
  130  9:08  Marine x2  
Tags
 
Add a new tag
Caveats
  • Supply blocks, unpowered buildings, or Contaminate may cause inaccurate times.
  • Supply counts are checked every 10 seconds.